Map: Beckett Industries LE

Players

Reynor

  • Race: Zerg Zerg
  • League: Master

LiquidClem (Clem) - Winner!

  • Race: Terran Terran
  • League: Grandmaster

Event: DreamHack SC2 Masters 2021 Summer

VOD

Have the link to the VOD?

Description

Time

  • Played on: June 6, 2021, 1:25 p.m.
  • Length: 12:11

All games in this series

Show
View Real Time Build Order
Export as new Build Order

Reynor Zerg 

Build Orders: Hatch First 

Get SALT Encoding   

  12  0:00  Drone  
  13  0:12  Overlord  
  13  0:16  Drone  
  14  0:30  Drone x2  
  16  0:48  Hatchery  
  15  0:51  Drone  
  15  0:55  Drone  
  17  1:09  Spawning Pool  
  16  1:12  Drone  
  16  1:15  Drone  
  18  1:18  Drone  
  18  1:25  Extractor  
  18  1:27  Drone  
  19  1:38  Drone  
  20  1:49  Overlord  
  20  1:56  Queen  
  20  1:59  Queen  
  20  2:00  Zergling x4  
  26  2:10  Zergling x2  
  26  2:11  Drone  
  29  2:22  Drone  
  29  2:24  Drone  
  29  2:34  Queen  
  29  2:35  Drone  
  32  2:38  Spore Crawler  
  32  2:39  Queen  
  32  2:40  Overlord  
  34  2:47  Drone x2  
  36  2:54  Metabolic Boost  
  36  2:59  Drone x2  
  36  3:05  Overlord  
  38  3:07  Drone x3  
  41  3:20  Drone x3  
  44  3:27  Drone  
  44  3:30  Hatchery, Drone  
  44  3:37  Queen  
  44  3:39  Overlord  
  46  3:43  Drone  
  46  3:48  Drone x2  
  49  3:51  Drone x2  
  51  3:56  Overlord  
  51  3:57  Queen  
  51  4:01  Overlord  
  51  4:02  Zergling x4  
  55  4:04  Drone  
  56  4:15  Overlord  
  56  4:17  Drone  
  55  4:18  Queen  
  55  4:21  Drone  
  55  4:23  Drone x4  
  62  4:27  Overlord  
  62  4:32  Drone x2  
  62  4:35  Queen  
  62  4:37  Overlord  
  66  4:40  Spore Crawler  
  66  4:42  Spore Crawler  
  66  4:45  Spore Crawler, Drone  
  64  4:51  Drone x2  
  64  4:52  Drone  
  67  4:55  Spore Crawler, Drone x2  
  67  4:57  Drone  
  69  5:03  Drone x2  
  69  5:04  Evolution Chamber  
  69  5:05  Evolution Chamber  
  69  5:06  Drone  
  69  5:07  Spore Crawler  
  69  5:10  Overlord  
  69  5:13  Drone x4  
  73  5:16  Drone  
  73  5:19  Overlord  
  74  5:24  Drone x2  
  74  5:25  Extractor, Queen  
  74  5:27  Drone x2  
  79  5:30  Overlord  
  79  5:32  Drone x2  
  81  5:36  Zerg Ground Armor Level 1  
  81  5:42  Zerg Melee Weapons Level 1  
  81  5:44  Drone x4  
  81  5:46  Drone x4  
  89  5:55  Overlord  
  89  5:58  Spore Crawler  
  89  6:00  Drone  
  89  6:01  Lair  
  88  6:04  Drone x2  
  88  6:06  Overlord, Hatchery  
  88  6:11  Drone x3  
  92  6:15  Drone x2  
  92  6:16  Extractor x2, Overlord, Drone  
  93  6:21  Hatchery  
  93  6:22  Overlord  
  93  6:28  Hatchery  
  93  6:29  Extractor  
  92  6:34  Zergling x16, Extractor  
  92  6:39  Overlord  
  99  6:42  Zergling x8  
  99  6:45  Baneling Nest  
  103  6:47  Zergling x6  
  103  6:52  Overlord  
  105  6:55  Zergling x10  
  110  7:04  Zergling x2  
  110  7:05  Zergling x4  
  111  7:08  Drone x2  
  111  7:09  Drone  
  111  7:11  Drone x3  
  111  7:13  Drone  
  111  7:14  Drone  
  111  7:15  Overseer  
  119  7:16  Drone  
  119  7:18  Infestation Pit  
  119  7:22  Pneumatized Carapace  
  119  7:24  Zergling x8  
  119  7:26  Drone  
  119  7:28  Drone  
  125  7:32  Centrifical Hooks  
  125  7:33  Zerg Ground Armor Level 2  
  125  7:35  Drone  
  126  7:37  Zergling x6  
  126  7:39  Drone x2  
  126  7:40  Drone  
  126  7:41  Zerg Melee Weapons Level 2, Drone x2  
  126  7:44  Hatchery  
  133  7:46  Zergling x2  
  133  7:47  Spore Crawler  
  133  7:48  Overlord  
  133  7:49  Drone x2  
  135  7:52  Zergling x8  
  135  7:58  Zergling x2  
  135  8:00  Zergling x2  
  135  8:02  Zergling x2  
  135  8:03  Zergling x2  
  115  8:05  Zergling x4  
  115  8:07  Zergling x2  
  115  8:11  Hive  
  112  8:13  Spire  
  112  8:14  Zergling x12  
  112  8:16  Zergling x6  
  112  8:17  Baneling x9  
  112  8:18  Zergling x2  
  119  8:22  Zergling x6  
  119  8:23  Baneling x2  
  119  8:24  Zergling x2  
  122  8:27  Zergling x4  
  122  8:30  Zergling x2  
  125  8:35  Zergling x8  
  125  8:37  Zergling x6  
  125  8:39  Zergling x8  
  125  8:40  Zergling x2  
  134  8:42  Drone  
  132  8:51  Zergling x10  
  132  8:53  Drone x2  
  138  8:57  Baneling x6  
  138  8:58  Zergling x4  
  138  8:59  Zergling x2  
  138  9:00  Zergling x2  
  141  9:02  Baneling  
  141  9:03  Baneling x5  
  141  9:09  Zergling x6  
  134  9:10  Zergling x4  
  134  9:11  Zergling x6  
  134  9:16  Zergling x4  
  128  9:21  Zergling x2  
  128  9:22  Zergling x2  
  113  9:26  Zergling x4  
  113  9:28  Greater Spire  
  113  9:29  Adrenal Glands  
  108  9:32  Zergling x2  
  108  9:33  Zergling x8  
  108  9:36  Zergling x2  
  111  9:39  Baneling x7  
  111  9:44  Zergling x6  
  114  9:45  Baneling x3  
  114  9:46  Baneling  
  114  9:49  Spore Crawler  
  113  9:58  Hatchery  
  110  10:00  Zergling x24  
  110  10:02  Overseer  
  110  10:03  Baneling x6  
  110  10:06  Zergling x2  
  122  10:09  Zergling x4  
  122  10:10  Baneling x7  
  122  10:12  Zergling x8  
  126  10:15  Zergling x2  
  126  10:21  Corruptor x2  
  122  10:22  Corruptor  
  122  10:23  Corruptor  
  122  10:28  Corruptor x2  
  130  10:30  Drone x2  
  130  10:31  Overlord  
  130  10:32  Zergling x6, Extractor  
  130  10:33  Extractor  
  137  10:38  Zergling x2  
  137  10:40  Zergling x6  
  138  10:45  Zergling x10  
  138  10:46  Zergling x2  
  138  10:49  Zergling x2  
  142  10:55  Zergling x4  
  131  11:03  Brood Lord x2  
  131  11:04  Zergling x2, Brood Lord x4  
  135  11:05  Zergling x12  
  135  11:09  Baneling x8, Zergling x2  
  135  11:10  Zergling x2  
  132  11:11  Zergling x2  
  132  11:16  Zergling x8  
  132  11:17  Zergling x2  
  127  11:21  Drone x3  
  127  11:25  Zergling x2  
  119  11:31  Overseer  
  109  11:34  Zergling x12  
  109  11:37  Drone x3  
  115  11:48  Baneling x10  
  115  11:53  Drone  
  115  11:54  Drone x3  
  119  11:55  Extractor  
Show
View Real Time Build Order
Export as new Build Order

LiquidClem Terran - Winner!

Build Orders: Reaper Expand, Hellion Banshee 

Get SALT Encoding   

  12  0:00  SCV  
  13  0:12  SCV  
  14  0:16  Supply Depot  
  14  0:25  SCV  
  15  0:38  SCV  
  15  0:39  Barracks  
  16  0:43  Refinery  
  16  0:50  SCV  
  17  1:02  SCV  
  18  1:14  SCV  
  19  1:26  Reaper, Orbital Command  
  20  1:40  Command Center  
  20  1:47  Supply Depot  
  20  1:52  SCV  
  21  1:58  Marine  
  22  2:04  SCV  
  23  2:10  Factory  
  23  2:16  SCV  
  23  2:18  Refinery  
  23  2:20  Barracks Reactor  
  24  2:28  SCV  
  25  2:40  SCV  
  26  2:51  Orbital Command  
  26  2:52  SCV  
  27  2:59  Starport  
  27  3:04  SCV, Hellion x2  
  27  3:05  Barracks Tech Lab  
  32  3:12  Supply Depot  
  32  3:16  SCV  
  32  3:18  SCV  
  34  3:25  Hellion x2  
  38  3:29  SCV  
  38  3:30  SCV  
  40  3:36  Supply Depot  
  40  3:41  SCV, Banshee  
  41  3:42  SCV, Cloaking Field  
  45  3:50  Hellion  
  45  3:53  SCV, Hellion  
  50  3:56  SCV  
  50  3:59  Supply Depot  
  50  4:00  Barracks Tech Lab  
  51  4:05  SCV  
  51  4:08  SCV  
  53  4:17  SCV  
  53  4:20  SCV  
  53  4:22  Command Center  
  55  4:24  Banshee  
  55  4:27  Stimpack  
  55  4:28  Factory Reactor  
  55  4:31  SCV  
  59  4:32  SCV  
  59  4:34  Barracks  
  60  4:38  Barracks  
  60  4:41  Marine  
  60  4:43  SCV  
  62  4:48  SCV, Supply Depot  
  63  4:53  Engineering Bay  
  63  4:55  SCV  
  63  4:57  Engineering Bay  
  63  4:58  Marine  
  65  5:00  SCV  
  65  5:03  Refinery  
  65  5:04  Refinery  
  66  5:07  SCV  
  66  5:13  SCV  
  68  5:15  Supply Depot  
  68  5:16  Marine  
  68  5:19  SCV  
  70  5:21  Terran Infantry Weapons Level 1  
  70  5:22  Starport Reactor  
  70  5:24  Terran Infantry Armor Level 1  
  70  5:25  SCV  
  70  5:27  Marine x2  
  73  5:30  Marine x2  
  73  5:31  SCV  
  73  5:34  Marine  
  77  5:40  SCV  
  78  5:43  SCV  
  78  5:45  Marine x2, Supply Depot  
  78  5:47  Armory  
  78  5:48  Siege Tank  
  84  5:50  Marine  
  84  5:53  SCV, Marine x2  
  84  5:57  SCV  
  89  6:00  Medivac x2  
  93  6:05  SCV, Marine  
  93  6:07  Orbital Command  
  93  6:09  SCV, Marine  
  93  6:10  Marine, Supply Depot  
  98  6:12  Combat Shield  
  98  6:15  Marine x2  
  98  6:17  SCV  
  101  6:21  SCV  
  101  6:23  Marine, Siege Tank  
  106  6:26  Marine  
  106  6:29  SCV  
  106  6:32  Supply Depot  
  108  6:33  SCV x2  
  108  6:36  Bunker  
  108  6:37  Marine  
  111  6:41  SCV, Marine  
  111  6:44  Barracks  
  111  6:45  SCV x2  
  111  6:46  Marine  
  111  6:47  Marine, Barracks  
  116  6:53  Marine  
  116  6:54  SCV  
  119  6:57  SCV x2  
  119  6:58  Supply Depot  
  119  6:59  Marine x2  
  123  7:06  SCV, Marine x2, Siege Tank  
  123  7:07  Medivac x2  
  125  7:09  Refinery  
  125  7:13  Factory  
  125  7:17  Supply Depot  
  125  7:19  SCV, Marine x3, Supply Depot  
  129  7:23  Marine, Supply Depot  
  129  7:25  Terran Infantry Weapons Level 2  
  129  7:28  Marine  
  131  7:30  SCV x2  
  131  7:33  Terran Infantry Armor Level 2  
  133  7:39  SCV  
  133  7:41  Command Center  
  134  7:44  Barracks Reactor x2, Refinery  
  134  7:47  Widow Mine  
  134  7:50  Supply Depot  
  134  7:51  Marine  
  137  7:52  Marine  
  133  8:03  Marine  
  133  8:05  Marine x2  
  116  8:08  Marine  
  116  8:09  Medivac  
  116  8:10  Marine  
  117  8:14  Terran Vehicle And Ship Armor Level 1  
  117  8:17  Widow Mine  
  117  8:19  Marine  
  119  8:20  Marine x4  
  119  8:21  Supply Depot  
  119  8:22  Factory Reactor, Marine, Barracks  
  119  8:23  Marine, Barracks x2, Medivac  
  126  8:27  Marine  
  126  8:28  Marine  
  128  8:37  Marine x2, Supply Depot  
  128  8:38  Marine x2  
  128  8:39  Medivac  
  128  8:40  Widow Mine  
  136  8:43  Marine x3  
  139  8:50  Sensor Tower, Marine  
  139  8:51  Marine  
  139  8:55  Marine x2  
  138  8:56  SCV, Marine x2  
  138  8:58  Medivac  
  138  9:01  Widow Mine x2, Marine x3, Supply Depot  
  138  9:02  SCV, Widow Mine  
  155  9:08  Marine x2  
  155  9:09  Marine  
  153  9:10  SCV  
  153  9:11  SCV  
  153  9:13  Marine x2  
  132  9:20  Marine  
  132  9:23  Widow Mine x2, Marine x3  
  134  9:25  Medivac  
  134  9:26  Widow Mine, Marine  
  134  9:27  Marine x2  
  134  9:28  Barracks Tech Lab x2, Planetary Fortress  
  134  9:30  SCV  
  136  9:31  SCV  
  136  9:37  Marine x2  
  136  9:38  Marine x2  
  134  9:39  SCV  
  134  9:44  Widow Mine x2, Marine x2  
  141  9:48  Widow Mine, Marine x2, Concussive Shells  
  141  9:50  Marauder  
  141  9:51  Marine  
  146  10:00  Marine  
  146  10:01  Barracks Tech Lab  
  146  10:04  Drilling Claws  
  146  10:05  Widow Mine, Marine, Marauder  
  146  10:06  Widow Mine  
  154  10:10  Widow Mine  
  154  10:13  Marine x3  
  151  10:18  Marauder  
  151  10:19  Liberator x2  
  151  10:20  Marine x2  
  151  10:21  Marine x2  
  160  10:26  Command Center  
  160  10:27  Widow Mine x2, Refinery  
  164  10:34  Widow Mine  
  166  10:36  Marine  
  166  10:41  Marauder  
  169  10:48  Widow Mine x2  
  173  10:50  Marine  
  173  10:51  Marine  
  173  10:55  Widow Mine  
  173  10:57  Marauder x2, Command Center  
  168  11:01  Liberator  
  168  11:02  Marine, Viking  
  168  11:03  Marauder  
  171  11:04  Marine x2  
  171  11:08  Marine  
  171  11:10  Widow Mine x2  
  178  11:13  Marine  
  178  11:14  Marine x2  
  178  11:15  Marine x2  
  178  11:16  Widow Mine  
  178  11:17  Marine  
  178  11:18  Marine  
  173  11:24  Marauder  
  172  11:29  Marine x2  
  172  11:31  Widow Mine x2  
  165  11:33  Marauder  
  165  11:34  Marine x2  
  165  11:35  Marine x4, Ghost Academy  
  165  11:36  Marauder x2  
  165  11:38  Viking  
  178  11:45  Marine  
  178  11:47  Marine x2  
  178  11:52  Marine  
Tags
 
Add a new tag
Caveats
  • Supply blocks, unpowered buildings, or Contaminate may cause inaccurate times.
  • Supply counts are checked every 10 seconds.